cohdb
Replays
Latest Replays
All Replays
Popular Replays
Top Player Replays
Match Explorer
How It Works
Community
CoH3 Stats
Reddit
Sign in to upload your games and track your stats! →
Sign in with Steam
Match 41667615
Unlisted
Match 41667615
Overview
Messages
Build Orders
End
Pioneer Squad
Pioneer Squad
Construct Infanterie Kompanie
Selects Breakthrough Battlegroup
Selects Assault Grenadiers
MG 42 Machine Gun Team
Grenadier Squad
Grenadier Squad
Grenadier Squad
Construct Luftwaffe Kompanie
Selects Rapid Production
221 Scout Car
Jäger Squad
Selects Breakthrough
Infanterie Officer Quarters
Breakthrough
Selects Mechanized Assault Group
Mechanized Assault Group
Breakthrough
*Mule
stevomcmuffinman
0
0
Comments
sign in to comment!
No comments posted yet!